AoeStats
← HR nomadplayer

Arabia

507628716Analyzed
1v1 RM · 12d ago on Sep 19, 2026· 49m 32s· 2 players
Game mode
Random Map
Map size
Tiny (2 player)
Population
200
Speed
Normal
Resources
Standard
Victory
Conquest
Starting age
Dark Age
Ending age
Imperial Age
RankedLock teamsTeams togetherTeam positionsShared explorationLock speedFull tech treeHidden civsTurbo modeCheats
Victory
Defeat
🇨🇱 Bengalis · Chile
2042
+8
🇦🇷 Dravidians · Argentina
1865
-8
LVA - 厚塔色
6:03 Loom
8:55 Feudal Age
9:23 Double-Bit Axe
11:12 Town Watch
11:26 Horse Collar
17:36 Fletching
19:02 Wheelbarrow
22:30 Castle Age
22:11 Scale Barding Armor
22:30 Crossbowman
23:10 Bodkin Arrow
25:59 Husbandry
25:38 Elite Skirmisher
26:33 Padded Archer Armor
28:36 Bow Saw
30:00 Ballistics
30:59 Leather Archer Armor
43:45 Imperial Age
44:36 Bracer
46:40 Chemistry
47:49 Masonry
48:57 Ring Archer Armor
HR nomadplayer
4:45 Loom
9:10 Feudal Age
9:44 Double-Bit Axe
10:21 Horse Collar
19:02 Castle Age
17:23 Gold Mining
18:55 Fletching
19:43 Padded Archer Armor
19:23 Crossbowman
20:17 Bodkin Arrow
21:08 Padded Archer Armor
23:00 Bow Saw
26:57 Heavy Plow
27:34 Wheelbarrow
26:45 Town Watch
32:31 Hand Cart
32:51 Ballistics
38:31 Imperial Age
35:33 Elite Skirmisher
37:55 Leather Archer Armor
38:41 Scale Barding Armor
39:15 Bracer
40:18 Chemistry
41:32 Ring Archer Armor
40:24 Light Cavalry
41:14 Bloodlines
41:05 Husbandry
42:34 Chain Barding Armor
43:43 Conscription
44:21 Forging
44:47 Forging
45:16 Plate Barding Armor
46:31 Forging
48:26 Iron Casting
48:14 Masonry
48:10 Siege Engineers
50:39 Blast Furnace
Connection lost

Rejoining the realm…

Still unreachable

The connection could not be restored.

Session expired

The server has moved on; the page needs a fresh start.